 Dungeon Crawl Stone Soup version 0.28.0-43-g3370ac3207 (webtiles) character file.

Game seed: 17752478735665528491

206 RascalDebosk the Shield-Bearer (level 5, -1/47 HPs)
             Began as a Minotaur Fighter on Mar 25, 2022.
             Slain by Grinder (5 damage)
             ... while paralysed by Grinder
             ... on level 4 of the Dungeon.
             The game lasted 00:11:59 (2332 turns).

RascalDebosk the Shield-Bearer (Minotaur Fighter)   Turns: 2332, Time: 00:12:00

Health: -1/47      AC:  8    Str: 23    XL:     5   Next: 53%
Magic:  4/4        EV:  2    Int:  5    God:
Gold:   79         SH:  0    Dex:  9    Spells: 4/4 levels left

rFire   . . .      SeeInvis .   a - +0 war axe
rCold   . . .      Faith    .   n - +0 kite shield
rNeg    . . .      Spirit   .   b - +0 scale mail
rPois   .          Reflect  .   (helmet restricted)
rElec   .          Harm     .   (no cloak)
rCorr   .          Rampage  .   o - +0 pair of gloves
Will    .....                   (no boots)
Stlth   ..........              (no amulet)
HPRegen 0.15/turn               (no ring)
MPRegen 0.09/turn               (no ring)

@: paralysed
A: horns 2, retaliatory headbutt
a: no special abilities


You were on level 4 of the Dungeon.
You visited 1 branch of the dungeon, and saw 4 of its levels.

You collected 79 gold pieces.

Inventory:

Hand Weapons
 a - a +0 war axe (weapon)
 p - a +2 short sword of draining
Missiles
 f - 7 poisoned darts (quivered)
 i - 84 stones
 r - a boomerang
Armour
 b - a +0 scale mail (worn)
 n - a +0 kite shield (worn)
 o - a +0 pair of gloves (worn)
Jewellery
 l - an amulet of magic regeneration
Scrolls
 c - 3 scrolls of identify {unknown}
 e - a scroll of enchant weapon {unknown}
 h - a scroll of enchant armour {unknown}
 j - 2 scrolls of teleportation {unknown}
 q - 2 scrolls of vulnerability {unknown}
Potions
 d - 2 potions of might
 g - 2 potions of lignification {unknown}
 k - a potion of curing {unknown}
 m - 2 potions of mutation {unknown}
 s - a potion of haste {unknown}


   Skills:
 + Level 4.6 Fighting
 + Level 3.6 Axes
 + Level 1.9 Throwing
 + Level 4.5 Armour
 + Level 4.7 Shields
 + Level 1.3 Evocations


You had 4 spell levels left.
You didn't know any spells.
Your spell library contained the following spells:

 Spells                   Type           Power      Damage    Failure   Level
 Corpse Rot               Necr/Air       0%         N/A       99%         2
 Poisonous Vapours        Pois/Air       0%         N/A       99%         2


Dungeon Overview and Level Annotations

Branches:
Dungeon (4/15)
 Temple: D:4-7

Altars:

Annotations:
D:4 Grinder


Innate Abilities, Weirdness & Mutations

You have a pair of horns on your head.
You reflexively headbutt those who attack you in melee.


Message History

Grinder blinks!
You can move again.
Found a scroll labelled BOAZELL MIGUDWUORO.
You see here a poisoned dart.
Found a scroll labelled NOIXTYRUTS.
You see here 3 poisoned darts.
f - 6 poisoned darts (gained 3) Grinder gestures at you.
You resist with significant effort. Grinder gestures at you.
You barely resist.
You see here a poisoned dart.
f - 7 poisoned darts (gained 1) Grinder gestures at you.
You resist with significant effort. Grinder hits you.
You barely miss Grinder.
Grinder is lightly wounded.
You block Grinder's attack.
You barely miss Grinder.
Grinder is lightly wounded.
Grinder gestures at you.
You suddenly lose the ability to move!
Grinder gestures at you. Pain shoots through your body! Grinder hits you.
Grinder says, "FISH!"
Grinder hits you!
* * * LOW HITPOINT WARNING * * *
You writhe in agony.
* * * LOW HITPOINT WARNING * * *
Grinder hits you.
* * * LOW HITPOINT WARNING * * *
You writhe in agony.
* * * LOW HITPOINT WARNING * * *
Grinder barely misses you. x2
Grinder hits you.
* * * LOW HITPOINT WARNING * * *
You writhe in agony.
You die...

..###.# ##...... ..#..
##...#### #...##
####...##### #....#
...........## #....##
##..# #...)..
##.....###...# #......
##.......#....## #..###.
#..............# ##.####
#.........@.##...## #..###
####.?....#5.##...##
#..#..
#.....#.#....#...###....#
#...#..#................##
...#..###....####...##..#
.....# ##...# ##.###..#
..# ##... #.# #..# ##...
#.# #..# ..##... ... #...


You could see Grinder.

Vanquished Creatures
  An orc priest (D:4)
  Natasha (thrice) (D:3)
  An orc wizard (D:3)
  An adder (D:2)
  A dart slug (D:3)
  8 orcs
  5 ball pythons
  4 bats
  4 endoplasms
  3 giant cockroaches (D:2)
  5 goblins
  5 hobgoblins
  2 jackals (D:1)
  6 kobolds
  A quokka (D:2)
  3 frilled lizards
  5 rats
58 creatures vanquished.

Notes
Turn   | Place    | Note
-------+----------+-------------------------------------------
     0 | D:1      | RascalDebosk the Minotaur Fighter began the quest for the
                  | Orb.
     0 | D:1      | Reached XP level 1. HP: 19/19 MP: 0/0
   102 | D:1      | Reached XP level 2. HP: 27/27 MP: 1/1
   711 | D:2      | Reached skill level 1 in Throwing
   711 | D:2      | Reached XP level 3. HP: 20/33 MP: 2/2
  1120 | D:2      | Found a faded altar of an unknown god.
  1190 | D:3      | Noticed Natasha
  1196 | D:3      | Killed Natasha
  1197 | D:3      | Reached XP level 4. HP: 28/40 MP: 3/3
  1211 | D:3      | Noticed Natasha
  1218 | D:3      | Killed Natasha
  1391 | D:3      | Noticed Natasha
  1402 | D:3      | Killed Natasha
  1783 | D:3      | Reached skill level 1 in Evocations
  1793 | D:3      | Reached XP level 5. HP: 38/47 MP: 4/4
  2299 | D:4      | Noticed Grinder
  2299 | D:4      | Paralysed by Grinder for 2 turns
  2309 | D:4      | Paralysed by Grinder for 5 turns
  2326 | D:4      | Paralysed by Grinder for 7 turns
  2332 | D:4      | Slain by Grinder

Illustrated notes

Levels and vault maps discovered:
D:1:      dpeg_arrival_stone_temple_mockup, layout_basic
D:2:      layout_basic, dreamdust_ecumenical_altar_statues
D:3:      layout_loops_ring, uniq_natasha
D:4:      layout_layer_cave, tso_metal_star, lemuel_round_altar, uniq_grinder

Skill      XL: |  1  2  3  4 |
---------------+-------------+-----
Shields        | 4 |  4.7
Fighting       | 4 |  4.6
Throwing       | 1 |  1.9
Axes           | 3 |  3.6
Armour         | 4 |  4.5
Evocations     | 1 |  1.3

Action                   |  1- 3 |  4- 6 || total
-------------------------+-------+-------++-------
Melee: War axe           |    73 |    41 ||   114
       Headbutt          |     5 |     6 ||    11
Throw: Dart              |     5 |    14 ||    19
Armor: Scale mail        |    57 |    14 ||    71
Dodge: Dodged            |    39 |    10 ||    49
Block: Buckler           |    17 |       ||    17
       Kite shield       |     7 |    15 ||    22
